 Dungeon Crawl Stone Soup version 0.18.1-50-g88ac8fd (webtiles) character file.

208066 Peloso the Fencer (level 18, -6/149 HPs)
             Began as a Demonspawn Fighter on Oct 19, 2016.
             Was the Champion of Okawaru.
             Drowned by a drowned soul (12 damage)
             ... summoned by a merfolk avatar
             ... on level 2 of the Shoals.
             The game lasted 02:17:26 (45043 turns).

Peloso the Fencer (Demonspawn Fighter)             Turns: 45043, Time: 02:17:27

Health: -6/149     AC: 36    Str: 26    XL:     18   Next: 11%
Magic:  0/31       EV: 14    Int: 21    God:    Okawaru [******]
Gold:   2857       SH: 16    Dex: 12    Spells: 0 memorised, 17 levels left

rFire  + . .     SeeInvis +     p - +6 demon blade of Compulsion {flame, Int+5}
rCold  + . .     Gourm    +     M - +7 plate armour "Pafeuw" {rC+ Str+3 SInv}
rNeg   . . .     Faith    .     o - +2 shield
rPois  +         Spirit   +     u - +2 helmet of Lugonu's Pride {rElec Int+4}
rElec  +         Dismiss  .     B - +1 cloak {rPois}
rCorr  .         Reflect  .     y - +2 pair of gloves {archery}
SustAt .         Harm     .     (boots unavailable)
MR     +....                    N - amulet of the gourmand
Stlth  ..........               q - ring "Xapecer" {rElec rPois MP+9 Stlth-}
                                t - +3 ring of evasion

@: mesmerised, very slightly contaminated, somewhat resistant to hostile
enchantments, extremely unstealthy
A: talons 3, yellow scales 2, deterioration 1, fire resistance 1, magic shield,
magic regeneration, flame cloud immunity
a: Heroism, Finesse, Renounce Religion
}: 1/15 runes: gossamer


You were on level 2 of the Shoals.
You worshipped Okawaru.
Okawaru was exalted by your worship.
You were completely stuffed.

You visited 5 branches of the dungeon, and saw 31 of its levels.
You also visited: Labyrinth.

You collected 4123 gold pieces.
You spent 1266 gold pieces at shops.

Inventory:

Hand Weapons
 p - the +6 demon blade of Compulsion (weapon) {flame, Int+5}
   (Okawaru gifted it to you on level 11 of the Dungeon)

   It has been specially enchanted to burn those struck by it, causing extra
   injury to most foes and up to half again as much damage against particularly
   susceptible opponents.
   Big, fiery blades are also staple armaments of hydra-hunters.
   It affects your intelligence (+5).
 w - the +10 falchion "Inemn" {freeze, rElec Int+4}
   (Okawaru gifted it to you on level 2 of the Orcish Mines)

   It has been specially enchanted to freeze those struck by it, causing extra
   injury to most foes and up to half again as much damage against particularly
   susceptible opponents.
   It can also slow down cold-blooded creatures.
   It affects your intelligence (+4).
   It insulates you from electricity.
Armour
 b - a +2 crystal plate armour
 o - a +2 shield (worn)
 u - the +2 helmet of Lugonu's Pride (worn) {rElec Int+4}
   (You found it on level 15 of the Dungeon)

   It affects your intelligence (+4).
   It insulates you from electricity.
 y - a +2 pair of gloves of archery (worn)
 B - a +1 cloak of poison resistance (worn)
 M - the +7 plate armour "Pafeuw" (worn) {rC+ Str+3 SInv}
   (You bought it in a shop on level 2 of the Orcish Mines)

   It affects your strength (+3).
   It protects you from cold.
   It lets you see invisible.
Jewellery
 h - a +1 ring of protection
 l - an uncursed ring of flight
 q - the ring "Xapecer" (right hand) {rElec rPois MP+9 Stlth-}
   (You found it on level 5 of the Dungeon)

   [ring of magical power]

   It insulates you from electricity.
   It protects you from poison.
   It affects your magic capacity (+9).
   It makes you less stealthy.
 t - a +3 ring of evasion (left hand)
 L - a +2 ring of dexterity
 N - an amulet of the gourmand (around neck)
 W - an uncursed ring of see invisible
Wands
 a - a wand of iceblast (6/15)
 c - a wand of hasting (3/9)
 i - a wand of digging (16/24)
 r - a wand of teleportation (5/9)
 J - a wand of digging (15/24)
 R - a wand of digging (12/24)
 U - a wand of heal wounds (4/9)
Scrolls
 e - 7 scrolls of fog
 j - 12 scrolls of remove curse
 k - 3 scrolls of identify
 x - 4 scrolls of fear
 C - 2 scrolls of blinking
 D - 8 scrolls of teleportation
 H - 7 scrolls of enchant weapon
 K - 3 scrolls of recharging
Potions
 d - 2 potions of haste
 n - a potion of cancellation
 v - 4 potions of berserk rage
 z - 5 potions of curing
 A - 2 potions of might
 F - 3 potions of flight
 I - a potion of invisibility
 Q - 3 potions of agility
 Y - 3 potions of heal wounds
 Z - 3 potions of ambrosia
Comestibles
 f - 11 bread rations
 g - 16 meat rations
 m - 9 royal jellies
 s - 4 chunks of flesh
 G - 2 slices of pizza
 O - 2 beef jerkies
 X - 6 fruits


   Skills:
 + Level 15.0 Fighting
 + Level 16.1 Long Blades
 + Level 14.2 Armour
 + Level 6.8 Dodging
 + Level 3.1 Stealth
 + Level 14.7 Shields
 + Level 5.7 Invocations
 + Level 0.2 Evocations


You had 17 spell levels left.
You didn't know any spells.

Dungeon Overview and Level Annotations

Branches:
Dungeon (15/15)            Temple (0/1) D:6            Lair (8/8) D:9
 Shoals (2/4) Lair:5       Spider (4/4) Lair:4        Slime (0/6) Lair:8
    Orc (2/2) D:12            Elf (0/3) Orc:2        Vaults (0/5) D:13
 Depths (0/5) D:15

Altars:
Dithmenos
Fedhas
Gozag
Makhleb
Nemelex Xobeh
Okawaru
Qazlal
Ru
Xom
Yredelemnul
Zin
The Shining One

Shops:
D:3 *   D:4 *   D:8 *   D:13 }   Orc:2 *(*[


Innate Abilities, Weirdness & Mutations

You have claws for feet.
You are mostly covered in yellow scales (AC +3).
Your flesh is heat resistant.
When hurt, damage is shared between your health and your magic reserves.
You regenerate magic rapidly.
You are immune to clouds of flame.
Your body sometimes deteriorates upon taking damage.


Message History

Unknown command.
Your unstable footing causes you to fumble your attack.
You block the drowned soul's attack. The drowned soul touches you.
The drowned soul drowns you!
* * * LOW HITPOINT WARNING * * *
Unknown command.
Your unstable footing causes you to fumble your attack.
The drowned soul touches you. The drowned soul drowns you!
* * * LOW HITPOINT WARNING * * *
You block the drowned soul's attack.
Unknown command.
You slash the merfolk avatar! You burn the merfolk avatar.
Your kick misses the merfolk avatar.
The merfolk avatar is almost dead.
The merfolk avatar chants its luring song.
Unknown command.
Your unstable footing causes you to fumble your attack.
You block the drowned soul's attack. The drowned soul touches you.
The drowned soul drowns you!
You die...

..≈≈≈≈≈≈≈..######
......≈≈≈≈≈≈#......#
.......≈≈≈≈...#.#≈.##
.......≈≈≈≈...#.....#
...$...≈≈≈≈.))#.≈#..#
.[....≈≈≈≈.≈.).....# ≈
......≈≈≈≈≈...(#####≈≈≈
......≈≈m≈≈≈...<.≈≈≈≈≈≈
......≈@W≈≈≈≈≈≈.≈≈≈≈≈≈≈
....≈≈≈≈≈≈≈≈≈≈≈≈≈≈≈≈≈≈≈
≈≈≈≈≈≈≈≈≈≈≈≈≈≈≈≈≈≈≈≈≈≈≈
≈≈≈≈≈≈≈≈≈≈≈≈≈≈≈≈≈≈≈≈≈≈≈
≈≈≈≈W≈≈≈≈W≈≈≈≈≈≈≈≈≈≈≈≈≈
≈W≈≈≈≈≈≈≈≈≈≈≈≈≈≈≈≈≈≈≈≈≈
≈≈≈≈≈≈≈≈≈≈≈≈≈≈≈≈≈≈≈≈≈≈≈
≈≈≈≈≈≈≈≈≈≈≈≈≈≈≈≈≈≈≈≈≈≈≈


You could see a merfolk avatar and 4 drowned souls.

Vanquished Creatures
  Jorgrun (Spider:4)
  A storm dragon (D:13)
  Wiglaf (Spider:4)
  Maud (D:10)
  3 ghost moths (Spider:4)
  4 emperor scorpions (Spider:4)
  A spark wasp (Spider:4)
  Snorg (D:13)
  A merfolk impaler (Shoals:2)
  A minotaur (Lab)
  9 hydras
  4 entropy weavers
  An ice dragon (Lair:8)
  2 catoblepae
  An ogre mage (D:15)
  5 centaur warriors
  A merfolk aquamancer (Shoals:1)
  A merfolk avatar (Shoals:2)
  A queen ant (Lair:2)
  16 death yaks
  A tengu warrior (D:14)
  4 orc high priests
  A shock serpent (shapeshifter) (D:13)
  2 sea snakes
  7 unseen horrors
  8 death scarabs (Spider:4)
  8 hill giants
  3 harpies (Shoals:1)
  2 wizards (D:15)
  7 spectral wolf spiders (Spider:4)
  7 orc knights
  17 orb spiders
  6 griffons
  A wolf spider zombie (D:15)
  4 orc sorcerers (Orc:2)
  2 lindwurms (Lair:8)
  4 hornets
  5 deep elf magi
  30 wolf spiders
  4 ugly things
  A salamander (Lair:2)
  5 moths of wrath
  4 manticores
  8 cyclopes
  4 centaur zombies
  7 black mambas
  12 elephants
  2 water nymphs
  The ghost of Strunz the Skirmisher, a novice DsCK of Xom (D:6)
  4 sirens
  A naga mage (D:15)
  4 gargoyles
  11 torpor snails
  A redback zombie (Spider:4)
  16 spiny frogs
  16 demonic crawlers
  5 rime drakes
  2 kobold demonologists (D:13)
  2 tengu conjurers (D:15)
  2 yaktaurs (shapeshifter)
  2 spectral redbacks (Spider:4)
  8 komodo dragons
  47 jumping spiders
  9 merfolk
  9 trolls
  4 spectral jumping spiders (Spider:4)
  A troll (shapeshifter) (D:13)
  A spectral hornet (Spider:4)
  Grinder (D:6)
  3 boulder beetles
  4 two-headed ogres
  7 giant leeches (Lair:8)
  3 snapping turtles (Shoals:1)
  A tarantella zombie (Spider:4)
  8 spectral tarantellas (Spider:4)
  15 blink frogs
  3 slime creatures
  2 jumping spider zombies (Spider:4)
  A shadow (D:14)
  A shapeshifter (Lair:7)
  2 water elementals (Shoals:1)
  7 fire bats
  55 yaks
  59 redbacks
  4 wyverns
  41 tarantellas
  A fire elemental (Lair:2)
  5 basilisks
  A hippogriff (shapeshifter) (D:13)
  A hungry ghost (D:12)
  13 hippogriffs
  10 vampire mosquitoes
  A mottled dragon (D:12)
  Edmund (D:4)
  19 soldier ants (Lair:2)
  2 wargs (Orc:1)
  Duvessa (D:5)
  19 water moccasins
  27 orc warriors
  7 ice beasts
  7 porcupines
  3 sky beasts
  2 black bears
  3 wasps (Lair:8)
  An eye of draining (shapeshifter) (D:13)
  A swamp drake (Lair:2)
  2 phantoms
  5 wolves (Lair:3)
  22 ogres
  17 centaurs
  2 necrophages
  10 crocodiles
  2 big kobolds
  Blork the orc (D:5)
  23 giant frogs
  A wyvern zombie (D:10)
  5 scorpions
  25 killer bees
  A water moccasin skeleton (D:4)
  Dowan (D:5)
  19 wights
  4 howler monkeys
  3 electric eels
  8 jellies
  9 crimson imps
  6 centaur skeletons
  2 giant frog skeletons
  14 hounds
  15 orc priests
  19 orc wizards
  16 iguanas
  25 worker ants
  27 sheep
  2 hound skeletons (D:8)
  4 mummies
  3 worker ant zombies
  A howler monkey skeleton (D:5)
  9 adders
  24 river rats
  5 shadow imps
  6 oozes
  2 adder zombies (D:9)
  21 worms
  10 dart slugs
  3 giant geckos
  68 orcs
  3 bats
  9 giant cockroaches
  16 goblins
  5 hobgoblins
  11 jackals
  15 kobolds
  3 quokkas
  4 giant newts
  A hobgoblin zombie (D:7)
  2 kobold zombies (D:7)
  An orc zombie (D:7)
  2 quokka skeletons
  6 rats
  A fire vortex (Lair:2)
  A fungus (Lair:5)
  5 plants
1237 creatures vanquished.

Vanquished Creatures (others)
  The ghost of marsu the Arsonist, a journeyman DrFE of Vehumet (Lair:1)
  An unseen horror (D:13)
  A tarantella (Spider:3)
  3 wolves (Lair:2)
  An iguana (D:13)
  11 fungi
  17 plants
35 creatures vanquished.

Grand Total: 1272 creatures vanquished

Notes
Turn   | Place    | Note
--------------------------------------------------------------
     0 | D:1      | Peloso the Demonspawn Fighter began the quest for the Orb.
     0 | D:1      | Reached XP level 1. HP: 18/18 MP: 1/1
   185 | D:1      | Reached skill level 2 in Long Blades
   440 | D:1      | Gained mutation: When hurt, damage is shared between your health and your magic reserves. [demonic ancestry]
   440 | D:1      | Reached XP level 2. HP: 24/24 MP: 2/2
   904 | D:2      | Found a glowing golden altar of the Shining One.
   985 | D:2      | Gained mutation: You have sharp toenails. [demonic ancestry]
   985 | D:2      | Reached XP level 3. HP: 24/29 MP: 3/3
  1447 | D:3      | Found a shimmering altar of Xom.
  1458 | D:3      | Found a stormy altar of Qazlal.
  1473 | D:3      | Found Zin's Purification Station.
  1479 | D:3      | Found a glowing silver altar of Zin.
  1846 | D:3      | Reached XP level 4. HP: 29/35 MP: 4/4
  2075 | D:2      | Found an iron altar of Okawaru.
  2080 | D:2      | Became a worshipper of Warmaster Okawaru
  2374 | D:4      | Reached skill level 1 in Dodging
  2729 | D:4      | Found Zafosm's Assorted Antiques.
  2835 | D:4      | Found a blossoming altar of Fedhas.
  2943 | D:4      | Gained mutation: Your flesh is heat resistant. [demonic ancestry]
  2943 | D:4      | Reached XP level 5. HP: 37/41 MP: 3/5
  3009 | D:4      | Noticed Edmund
  3042 | D:4      | Killed Edmund
  3042 | D:4      | Reached * piety under Okawaru
  3098 | D:4      | Gained mutation: You are partially covered in yellow scales (AC +2). [demonic ancestry]
  3098 | D:4      | Reached XP level 6. HP: 37/48 MP: 6/6
  3211 | D:4      | Reached skill level 3 in Long Blades
  3359 | D:5      | Entered Level 5 of the Dungeon
  3631 | D:5      | Found a sacrificial altar of Ru.
  3704 | D:5      | Noticed Blork the orc
  3720 | D:5      | Killed Blork the orc
  3720 | D:5      | Reached XP level 7. HP: 31/54 MP: 2/7
  3924 | D:5      | Reached ** piety under Okawaru
  3924 | D:5      | Reached skill level 1 in Invocations
  4043 | D:5      | Reached skill level 1 in Stealth
  4188 | D:5      | Got a bound turquoise ring
  4190 | D:5      | Identified the ring "Xapecer" {rElec rPois MP+9 Stlth-} (You found it on level 5 of the Dungeon)
  4336 | D:5      | Reached skill level 4 in Long Blades
  4336 | D:5      | Reached skill level 5 in Shields
  4696 | D:6      | Found a basalt altar of Yredelemnul.
  4718 | D:6      | Found an opulent altar of Gozag.
  5045 | D:6      | Gained mutation: You are mostly covered in yellow scales (AC +3). [demonic ancestry]
  5045 | D:6      | Reached XP level 8. HP: 56/61 MP: 9/9
  5073 | D:6      | Noticed Strunz's ghost (novice DsCK)
  5074 | D:6      | Noticed Dowan
  5077 | D:6      | Noticed Duvessa
  5085 | D:5      | Reached skill level 5 in Armour
  5182 | D:5      | Killed Dowan
  5193 | D:5      | Killed Duvessa
  5193 | D:5      | Reached skill level 5 in Fighting
  6299 | D:6      | Reached *** piety under Okawaru
  6666 | D:6      | Killed Strunz's ghost
  6666 | D:6      | Reached skill level 5 in Long Blades
  6666 | D:6      | Gained mutation: You are immune to clouds of flame. [demonic ancestry]
  6666 | D:6      | Reached XP level 9. HP: 44/68 MP: 10/10
  6921 | D:6      | Noticed Grinder
  7468 | D:6      | Killed Grinder
  7618 | D:6      | Found a staircase to the Ecumenical Temple.
  7800 | D:6      | Noticed a centaur warrior
  7825 | D:6      | Killed a centaur warrior
  7825 | D:6      | Reached **** piety under Okawaru
  8203 | D:7      | Reached skill level 6 in Long Blades
  8485 | D:7      | Reached XP level 10. HP: 67/77 MP: 12/12
  9284 | D:8      | Found a sparkling altar of Nemelex Xobeh.
  9695 | D:8      | Found Vasi's Assorted Antiques.
  9757 | D:8      | Found a burning altar of Makhleb.
 10217 | D:9      | Found a staircase to the Lair.
 10229 | D:9      | Noticed a spiny frog
 10243 | D:9      | Killed a spiny frog
 10267 | D:9      | Reached ***** piety under Okawaru
 10582 | D:9      | Reached skill level 7 in Long Blades
 11311 | D:9      | Gained mutation: You have razor-sharp toenails. [demonic ancestry]
 11311 | D:9      | Reached XP level 11. HP: 83/84 MP: 13/13
 11356 | D:10     | Entered Level 10 of the Dungeon
 11622 | D:10     | Killed an unseen horror
 11986 | D:10     | Noticed Maud
 12004 | D:10     | Killed Maud
 12569 | Lair:1   | Entered Level 1 of the Lair of Beasts
 12717 | Lair:1   | Noticed marsu's ghost (journeyman DrFE)
 12784 | Lair:1   | Killed marsu's ghost
 13802 | Lair:1   | Reached skill level 10 in Shields
 14008 | Lair:2   | Reached skill level 8 in Long Blades
 14072 | Lair:2   | Received a gift from Okawaru
 14721 | Lair:2   | Received a gift from Okawaru
 14735 | Lair:2   | Reached XP level 12. HP: 94/94 MP: 15/15
 14766 | Lair:2   | Noticed a queen ant
 14776 | Lair:2   | Killed a queen ant
 14826 | Lair:2   | Reached skill level 5 in Dodging
 15071 | Lair:2   | Noticed a seven-headed hydra
 15079 | Lair:2   | Killed a ten-headed hydra
 15484 | Lair:2   | Reached skill level 9 in Long Blades
 16344 | Lair:2   | Identified a scroll of acquirement
 17023 | Lair:3   | Reached skill level 10 in Fighting
 17381 | Lair:3   | Reached skill level 10 in Armour
 17862 | Lair:3   | Received a gift from Okawaru
 17862 | Lair:3   | Reached skill level 10 in Long Blades
 18580 | Lair:4   | Reached XP level 13. HP: 96/104 MP: 16/16
 18995 | Lair:4   | Found a hole to the Spider Nest.
 19331 | Lair:4   | HP: 4/104 [black mamba (8)]
 20394 | Lair:5   | Received a gift from Okawaru
 20399 | Lair:5   | Found a staircase to the Shoals.
 21232 | Lair:6   | Reached skill level 11 in Long Blades
 22259 | Lair:6   | Received a gift from Okawaru
 22922 | Lair:7   | Gained mutation: You have claws for feet. [demonic ancestry]
 22922 | Lair:7   | Reached XP level 14. HP: 105/114 MP: 17/17
 24098 | D:11     | Received a gift from Okawaru
 24103 | D:11     | Got a scorched demon blade {god gift}
 24370 | D:11     | Reached skill level 12 in Long Blades
 24404 | D:11     | Found a labyrinth entrance.
 24410 | Lab      | Entered a labyrinth
 24511 | Lab      | Identified the +6 demon blade of Compulsion {flame, Int+5} (Okawaru gifted it to you on level 11 of the Dungeon)
 24560 | Lab      | Gained mutation: Your body sometimes deteriorates upon taking damage. [mutagenic glow]
 25091 | D:12     | Found a glowing silver altar of Zin.
 25109 | D:12     | Found a staircase to the Orcish Mines.
 25676 | D:13     | Noticed Snorg
 25708 | D:13     | Killed Snorg
 25712 | D:13     | Reached ****** piety under Okawaru
 25725 | D:13     | Found a gate to the Vaults.
 25755 | D:13     | Received a gift from Okawaru
 25788 | D:13     | Found a shadowy altar of Dithmenos.
 25838 | D:13     | Found Ohameoce's Gadget Emporium.
 26216 | D:13     | Noticed a storm dragon
 26423 | D:13     | HP: 5/116 [storm dragon (7)]
 27276 | D:13     | Killed a storm dragon
 27276 | D:13     | Reached skill level 5 in Invocations
 27555 | Orc:1    | Entered Level 1 of the Orcish Mines
 28120 | Orc:1    | Gained mutation: You regenerate magic rapidly. [demonic ancestry]
 28120 | Orc:1    | Reached XP level 15. HP: 101/122 MP: 18/18
 28712 | Orc:2    | Entered Level 2 of the Orcish Mines
 28743 | Orc:2    | Found a staircase to the Elven Halls.
 28825 | Orc:2    | Received a gift from Okawaru
 28833 | Orc:2    | Got a smoking falchion {god gift}
 28836 | Orc:2    | Identified the +10 falchion "Inemn" {freeze, rElec Int+4} (Okawaru gifted it to you on level 2 of the Orcish Mines)
 29864 | Orc:2    | Reached skill level 13 in Long Blades
 29865 | Orc:2    | Paralysed by an orc sorcerer for 5 turns
 30356 | Orc:2    | Found Atowef's Assorted Antiques.
 30356 | Orc:2    | Found Cont's Weapon Boutique.
 30358 | Orc:2    | Found Jilack's Assorted Antiques.
 30358 | Orc:2    | Found Tumaqim's Armour Boutique.
 30497 | Orc:2    | Found a burning altar of Makhleb.
 30954 | Orc:2    | Bought the +7 plate armour "Pafeuw" {rC+ Str+3 SInv} for 1237 gold pieces
 30974 | Orc:2    | Bought a sedimented emerald potion for 29 gold pieces
 31328 | Lair:8   | Entered Level 8 of the Lair of Beasts
 31601 | Lair:8   | Received a gift from Okawaru
 31663 | Lair:8   | Found a staircase to the Slime Pits.
 31996 | Lair:8   | Received a gift from Okawaru
 32746 | Lair:8   | Found a runed door.
 32918 | Lair:8   | Reached skill level 14 in Long Blades
 33213 | Lair:8   | Received a gift from Okawaru
 33700 | D:14     | Reached XP level 16. HP: 123/131 MP: 20/20
 34293 | D:15     | Entered Level 15 of the Dungeon
 34361 | D:15     | Got a bloodstained helmet
 34372 | D:15     | Identified the +2 helmet of Lugonu's Pride {rElec Int+4} (You found it on level 15 of the Dungeon)
 34957 | D:15     | Received a gift from Okawaru
 35166 | D:15     | Found a staircase to the Depths.
 35609 | Spider:1 | Entered Level 1 of the Spider Nest
 35966 | Spider:1 | Received a gift from Okawaru
 35969 | Spider:1 | Got a brightly glowing long sword {god gift}
 35970 | Spider:1 | Identified the +6 long sword of Tiejearr {flame, Fragile rPois rN+} (Okawaru gifted it to you on level 1 of the Spider Nest)
 36974 | Spider:2 | You fall through a shaft!
 37639 | Spider:3 | Reached skill level 15 in Long Blades
 38484 | Spider:2 | Received a gift from Okawaru
 39344 | Spider:4 | Entered Level 4 of the Spider Nest
 39380 | Spider:4 | Received a gift from Okawaru
 39571 | Spider:4 | Reached XP level 17. HP: 109/139 MP: 21/21
 40324 | Spider:4 | Noticed Jorgrun
 40339 | Spider:4 | Killed Jorgrun
 41352 | Spider:4 | Noticed Wiglaf
 41369 | Spider:4 | Killed Wiglaf
 41784 | Spider:4 | Received a gift from Okawaru
 42295 | Spider:4 | HP: 7/140 [death scarab (3)]
 43184 | Spider:4 | Got a gossamer rune of Zot
 43200 | Spider:4 | Reached skill level 16 in Long Blades
 43844 | Shoals:1 | Entered Level 1 of the Shoals
 44120 | Shoals:1 | Reached skill level 15 in Fighting
 44285 | Shoals:1 | Received a gift from Okawaru
 44285 | Shoals:1 | Reached XP level 18. HP: 79/149 MP: 22/22
 45041 | Shoals:2 | HP: 6/149 [drowned by a drowned soul[a merfolk avatar] (12)]
 45043 | Shoals:2 | Drowned by a drowned soul

Skill      XL: |  1  2  3  4  5  6  7  8  9 10 11 12 13 14 15 16 17 |
---------------+----------------------------------------------------+-----
Long Blades    | 2 3 4 5 6 7 8 10 11 12 14 15 16 | 16.1
Armour         | 3 4 6 7 8 10 11 12 13 14 | 14.2
Shields        | 3 4 5 6 7 9 10 11 12 13 14 | 14.7
Dodging        | 1 2 3 4 5 6 |  6.8
Fighting       | 4 5 6 7 8 10 11 12 13 14 15 | 15.0
Invocations    | 1 2 3 4 5 |  5.7
Stealth        | 1 2 3 |  3.1
Evocations     | |  0.2

Action                   |  1- 3 |  4- 6 |  7- 9 | 10-12 | 13-15 | 16-18 || total
-------------------------+-------+-------+-------+-------+-------+-------++-------
Melee: Long sword        |   163 |   170 |   511 |  1240 |       |       ||  2084
       Kick              |    14 |    47 |   141 |   283 |   502 |   556 ||  1543
       Triple sword      |       |       |       |   269 |   440 |       ||   709
       Demon blade       |       |       |       |       |  1106 |  1715 ||  2821
       Falchion          |       |       |       |       |    22 |       ||    22
Invok: Heroism           |       |     2 |    17 |    39 |    15 |     6 ||    79
       Finesse           |       |       |       |       |     3 |     4 ||     7
Evoke: Wand              |       |       |       |       |     1 |     4 ||     5
  Use: Potion            |       |     5 |     2 |     3 |     7 |     2 ||    19
       Scroll            |       |     2 |     8 |    13 |    11 |     6 ||    40
 Stab: Invisible         |       |     1 |       |       |       |       ||     1
       Paralysed         |       |     1 |       |       |       |       ||     1
       Distracted        |       |       |       |       |     1 |       ||     1
  Eat: Chunk             |     3 |     7 |    15 |    31 |    58 |    41 ||   155
       Fruit             |       |       |     2 |     4 |       |       ||     6
       Royal jelly       |       |       |       |     1 |     2 |       ||     3
       Pizza             |       |       |       |     1 |     1 |       ||     2
       Beef jerky        |       |       |       |     1 |       |       ||     1
Armor: Scale mail        |    63 |       |       |       |       |       ||    63
       Chain mail        |    29 |    87 |   248 |       |       |       ||   364
       Plate armour      |       |       |    52 |  1113 |  1265 |  1112 ||  3542
Dodge: Dodged            |    52 |    35 |   133 |   556 |   673 |   969 ||  2418
Block: Shield            |    96 |    75 |   287 |   819 |   615 |  1532 ||  3424
